Map: Dusk Towers

Players

IMashBuddenz - Winner!

  • Race: Terran Terran
  • League: Master

Miszu

  • Race: Terran Terran
  • League: Master

VOD

Have the link to the VOD?

Description

Time

  • Played on: July 6, 2016, 9:18 p.m.
  • Length: 17:10
Show
View Real Time Build Order
Export as new Build Order

IMashBuddenz Terran - Winner!

Build Orders: Bio Tank 

Get SALT Encoding   

  12  0:01  SCV  
  13  0:13  SCV  
  14  0:17  Supply Depot  
  14  0:25  SCV  
  15  0:39  SCV  
  15  0:40  Barracks  
  16  0:46  Refinery  
  16  0:51  SCV  
  17  1:03  SCV  
  18  1:15  SCV  
  19  1:31  Orbital Command  
  20  1:32  Reaper  
  20  1:41  Command Center  
  20  1:55  Supply Depot  
  20  1:57  SCV  
  21  2:09  SCV  
  22  2:21  SCV  
  23  2:23  Refinery  
  23  2:24  Factory  
  23  2:26  Barracks Reactor  
  23  2:33  SCV  
  24  2:46  Command Center, SCV  
  25  2:58  SCV  
  26  3:05  Orbital Command  
  26  3:08  Marine  
  26  3:10  SCV  
  28  3:13  Starport  
  28  3:15  Factory Tech Lab  
  28  3:17  Marine  
  29  3:22  SCV  
  30  3:32  SCV  
  31  3:34  SCV  
  31  3:35  Siege Tank  
  31  3:36  Marine  
  31  3:37  Marine  
  37  3:43  Supply Depot  
  37  3:44  SCV  
  37  3:46  SCV  
  39  3:51  Medivac  
  39  3:54  Marine  
  39  3:55  Marine  
  43  3:57  SCV  
  43  3:58  SCV  
  45  4:06  Widow Mine, Orbital Command  
  48  4:10  SCV x2  
  48  4:12  Marine  
  48  4:13  Marine  
  51  4:20  Supply Depot  
  51  4:22  SCV  
  51  4:23  SCV  
  51  4:24  Viking  
  55  4:34  SCV  
  55  4:35  SCV  
  57  4:40  SCV  
  58  4:45  Siege Tank  
  58  4:46  SCV  
  58  4:50  SCV  
  58  4:51  Barracks  
  58  4:52  Barracks, SCV  
  64  4:53  Refinery  
  64  4:55  Refinery  
  64  4:56  Barracks Tech Lab  
  64  4:58  Starport Reactor  
  64  5:01  SCV  
  64  5:02  SCV  
  64  5:04  Supply Depot  
  66  5:09  Engineering Bay, SCV  
  66  5:12  Engineering Bay  
  67  5:14  SCV x2  
  69  5:24  Marine, SCV  
  69  5:26  Stimpack, SCV x2  
  72  5:30  Siege Tank  
  72  5:33  Supply Depot  
  75  5:36  SCV  
  75  5:42  Marine  
  74  5:47  Barracks Reactor, Marine x2  
  75  5:50  SCV  
  75  5:51  Terran Infantry Weapons Level 1  
  75  5:54  Barracks x2  
  76  6:00  Marine  
  76  6:01  Terran Infantry Armor Level 1  
  71  6:04  Marine  
  71  6:05  Marine  
  71  6:09  Siege Tank  
  71  6:10  Sensor Tower  
  76  6:14  Supply Depot  
  76  6:17  Missile Turret x2  
  76  6:18  Marine  
  77  6:20  Viking  
  77  6:23  SCV  
  77  6:24  SCV, Orbital Command  
  81  6:32  Marine x2  
  83  6:35  SCV  
  83  6:38  SCV  
  85  6:42  Supply Depot  
  85  6:44  Sensor Tower  
  85  6:48  Marine x2, SCV  
  85  6:49  Barracks Reactor  
  85  6:50  Barracks Reactor  
  88  6:56  Marine x3  
  88  6:57  Siege Tank  
  88  6:59  SCV x2  
  96  7:05  Supply Depot  
  96  7:16  Marine x2  
  96  7:19  Armory  
  98  7:23  Supply Depot, Marine x2  
  98  7:24  Supply Depot, Medivac x2  
  98  7:25  SCV x2  
  98  7:28  Refinery x2  
  106  7:30  Siege Tank  
  106  7:35  Supply Depot, Marine x4  
  113  7:39  SCV x3  
  113  7:40  Factory  
  116  7:50  Marine  
  116  7:51  Marine x4, SCV x3  
  120  7:55  Supply Depot  
  120  7:57  Supply Depot  
  124  7:58  Medivac x2  
  124  7:59  Marine x4  
  124  8:03  SCV x3  
  124  8:04  Siege Tank  
  138  8:09  Supply Depot  
  138  8:10  Combat Shields  
  138  8:12  Terran Infantry Weapons Level 2  
  138  8:15  SCV  
  139  8:22  Marine x3  
  139  8:23  Marine x4  
  139  8:24  Command Center  
  139  8:25  Terran Infantry Armor Level 2  
  139  8:26  Factory Tech Lab  
  146  8:31  Medivac  
  147  8:36  Marine x2  
  147  8:37  Viking  
  147  8:40  Marine  
  152  8:42  Marine  
  152  8:43  Marine x3, Siege Tank  
  152  8:47  Supply Depot  
  159  8:50  Missile Turret  
  159  8:51  Missile Turret  
  159  8:53  Marine x2  
  161  8:57  Siege Tank  
  164  9:04  Terran Vehicle Weapons Level 1  
  164  9:08  Marine x2  
  164  9:09  Marine, Medivac  
  168  9:30  Medivac, Siege Tank x2  
  173  9:35  Supply Depot, Marine x8  
  173  9:36  Supply Depot, Marine  
  182  9:53  Marine x7  
  189  10:03  Refinery  
  189  10:06  Refinery  
  184  10:19  Marine  
  178  10:33  Planetary Fortress  
  172  10:40  Marine  
  172  10:41  Marine x7, Siege Tank x2  
  172  10:42  Viking  
  182  10:48  Factory, Marine, Barracks x2  
  144  11:04  Marine  
  126  11:17  Marine x8  
  129  11:18  Siege Tank x2  
  129  11:19  Medivac x2  
  129  11:22  Marine  
  129  11:25  Terran Infantry Weapons Level 3, Terran Infantry Armor Level 3  
  137  11:35  Marine x6  
  143  11:40  Marine x3  
  143  11:45  Barracks Reactor, Factory Tech Lab  
  146  11:49  Refinery  
  146  11:52  Marine  
  146  11:53  Marine x2, Command Center  
  149  11:56  Sensor Tower  
  149  11:57  Marine  
  149  11:58  Marine x3  
  149  12:00  Barracks Reactor  
  142  12:18  Marine  
  142  12:19  Marine x4  
  142  12:20  Marine x2  
  142  12:21  Sensor Tower  
  146  12:34  Marine x4  
  146  12:35  Siege Tank x2  
  146  12:36  Marine  
  157  12:37  Marine x3  
  160  12:44  Marine  
  160  12:45  Sensor Tower  
  160  12:48  Marine  
  160  12:50  Viking x2  
  166  12:52  Marine  
  166  12:55  Terran Vehicle Weapons Level 2  
  166  12:56  Marine  
  166  12:57  Marine  
  167  13:07  Marine, Siege Tank x2  
  167  13:08  Marine x9  
  167  13:10  Marine  
  126  13:29  Marine  
  126  13:30  Marine  
  126  13:31  Marine x10  
  126  13:32  Viking x2  
  141  13:39  Marine, Siege Tank x2  
  145  13:47  Marine  
  146  13:48  Marine  
  146  13:49  Marine x4  
  146  13:51  Marine x3  
  154  14:11  Sensor Tower, Siege Tank  
  157  14:22  Refinery  
  133  14:25  Refinery  
  133  14:30  Marine  
  118  14:32  Marine x6  
  118  14:33  Marine x6, Siege Tank  
  118  14:37  Planetary Fortress  
  133  14:48  Marine  
  133  14:49  Siege Tank  
  133  14:50  Marine x3  
  133  14:51  Siege Tank  
  143  14:57  Marine  
  143  14:58  Marine  
  145  15:03  Missile Turret  
  145  15:06  Missile Turret  
  143  15:33  Marine x13  
  155  15:50  Marine, Siege Tank x3  
  155  15:51  Marine x3  
  155  15:52  Medivac  
  155  15:53  Marine x7, Medivac  
  155  15:54  Marine  
  174  16:21  Marine  
  174  16:22  Marine x6, Siege Tank  
  188  16:46  Marine x3  
Show
View Real Time Build Order
Export as new Build Order

Miszu Terran 

Build Orders: Command Center First (CC), Bio Tank 

Get SALT Encoding   

  12  0:00  SCV  
  13  0:12  SCV  
  14  0:17  Supply Depot  
  14  0:25  SCV  
  15  0:39  SCV  
  16  0:51  SCV  
  17  0:59  Command Center  
  17  1:03  SCV  
  18  1:15  Barracks  
  18  1:17  SCV  
  19  1:29  SCV  
  19  1:30  Barracks  
  20  1:41  SCV  
  20  1:45  Barracks  
  21  1:53  SCV  
  22  2:04  Marine  
  22  2:06  Orbital Command  
  23  2:14  Refinery  
  22  2:15  Refinery  
  22  2:18  Marine  
  23  2:24  Orbital Command  
  23  2:27  Marine  
  24  2:31  SCV  
  24  2:36  Marine  
  26  2:40  Marine  
  26  2:43  SCV  
  28  2:46  Marine  
  28  2:50  SCV  
  30  2:55  Barracks Tech Lab, SCV  
  30  2:58  Barracks Reactor  
  31  3:02  SCV  
  31  3:03  Marine  
  33  3:07  SCV  
  33  3:09  Supply Depot  
  34  3:14  Stimpack, SCV  
  34  3:16  Marine  
  34  3:19  SCV  
  37  3:22  Marine  
  38  3:31  SCV  
  38  3:32  Supply Depot, SCV  
  40  3:34  Marine  
  40  3:35  Factory, Marine  
  42  3:41  Marine  
  42  3:42  Marine  
  42  3:43  SCV  
  42  3:44  SCV  
  46  3:49  Refinery  
  46  3:54  Engineering Bay  
  46  3:55  SCV  
  47  3:56  SCV  
  47  3:59  Marine  
  47  4:00  Marine  
  50  4:02  Marine  
  50  4:07  SCV  
  50  4:08  SCV  
  53  4:20  Starport, Factory Reactor  
  53  4:25  SCV  
  53  4:26  Terran Infantry Weapons Level 1  
  53  4:27  Barracks Reactor  
  53  4:30  Supply Depot  
  54  4:49  Command Center  
  54  4:52  SCV x2  
  56  5:00  Supply Depot  
  56  5:02  Factory Tech Lab  
  56  5:04  Medivac x2, SCV x2  
  62  5:09  Supply Depot  
  62  5:14  Combat Shields  
  62  5:18  Refinery  
  62  5:22  Marine x4  
  62  5:25  SCV  
  62  5:26  SCV  
  68  5:31  Marine  
  68  5:39  Marine x4  
  63  5:49  Marine  
  61  5:50  Refinery  
  61  5:57  Marine x4  
  61  6:01  SCV  
  61  6:03  SCV  
  67  6:06  Marine, Medivac, Siege Tank  
  73  6:14  SCV  
  73  6:15  Marine, SCV  
  78  6:23  Terran Infantry Armor Level 1  
  78  6:26  SCV  
  78  6:27  Supply Depot x2, SCV  
  78  6:33  Barracks  
  78  6:34  Barracks, Orbital Command  
  78  6:38  SCV  
  78  6:39  SCV  
  80  6:43  Marine x2  
  80  6:44  Marine x2  
  84  6:50  SCV  
  84  6:51  SCV  
  84  7:00  Marine, Siege Tank  
  84  7:01  Marine, Medivac x2  
  92  7:02  SCV  
  92  7:03  SCV x2  
  96  7:14  Marine x3, SCV  
  92  7:16  SCV  
  92  7:19  SCV  
  92  7:22  Refinery  
  93  7:23  Barracks Reactor x2, Refinery  
  93  7:27  SCV  
  93  7:29  SCV  
  95  7:31  SCV  
  95  7:33  Siege Tank  
  99  7:38  Missile Turret  
  99  7:39  SCV  
  99  7:41  SCV  
  99  7:42  Missile Turret  
  99  7:43  Marine x2, SCV  
  104  7:44  Medivac  
  104  7:45  Medivac  
  104  7:48  Factory  
  104  7:49  Engineering Bay  
  104  7:51  SCV, Armory  
  109  8:02  Marine  
  109  8:04  Supply Depot x2  
  109  8:05  Supply Depot  
  109  8:12  Barracks  
  109  8:13  Barracks  
  109  8:15  Barracks  
  109  8:25  Marine  
  109  8:26  SCV  
  111  8:30  Supply Depot x2  
  111  8:32  Supply Depot, Marine x4  
  111  8:33  Siege Tank, Factory Tech Lab  
  118  8:48  Missile Turret  
  118  8:49  Sensor Tower  
  118  8:50  Missile Turret  
  118  8:51  Medivac x2  
  118  8:54  Siege Tank  
  118  8:55  Command Center  
  125  9:01  Supply Depot  
  125  9:02  Supply Depot, Barracks Reactor, Marine  
  126  9:03  Barracks Reactor  
  126  9:05  Barracks Reactor, Siege Tank  
  129  9:12  Marine x8  
  135  9:19  Marine  
  135  9:22  Terran Infantry Armor Level 2, Terran Infantry Weapons Level 2  
  135  9:23  Terran Vehicle Weapons Level 1  
  136  9:25  Medivac x2  
  136  9:41  Marine x3  
  136  9:42  Marine x10  
  136  9:44  Siege Tank x2  
  155  9:56  Medivac  
  155  9:57  Medivac  
  155  10:15  Marine x2  
  155  10:16  Siege Tank  
  155  10:17  Siege Tank  
  161  10:21  Marine  
  161  10:23  Marine x2  
  161  10:28  SCV x3  
  143  10:37  Marine x4  
  143  10:40  SCV x2  
  143  10:41  SCV  
  144  10:47  Medivac  
  144  10:48  Siege Tank  
  144  10:49  Siege Tank  
  151  10:52  SCV x2  
  151  10:53  SCV  
  151  10:55  Missile Turret  
  116  11:13  Marine  
  116  11:14  Marine x7  
  116  11:18  Marine  
  112  11:19  Marine x4  
  112  11:21  Marine  
  118  11:28  Marine  
  118  11:31  Marine x2  
  121  11:34  Marine x3  
  121  11:38  Marine  
  121  11:39  Marine  
  126  11:41  Marine  
  126  11:44  SCV  
  126  11:45  SCV  
  129  11:48  SCV  
  129  11:52  Marine  
  129  11:53  Marine  
  133  11:54  Marine  
  133  11:56  Planetary Fortress, SCV  
  133  11:57  SCV  
  135  12:01  SCV  
  135  12:03  Marine  
  137  12:08  SCV  
  137  12:09  SCV  
  136  12:34  Marine x10  
  136  12:35  Marine x5, Siege Tank x2  
  136  12:36  Medivac x2  
  161  12:41  Terran Infantry Weapons Level 3  
  161  12:45  Refinery x2  
  161  12:52  SCV  
  161  12:54  Marine  
  161  12:55  Marine x10  
  173  13:05  SCV x2  
  173  13:06  Medivac, SCV x2  
  178  13:13  Siege Tank  
  178  13:18  Marine x10  
  178  13:19  Marine  
  138  13:29  Marine x4  
  140  13:35  Marine  
  140  13:36  Marine x2  
  140  13:37  Marine x4  
  147  13:50  Marine  
  147  13:51  Marine x2  
  145  13:56  Marine  
  145  13:57  Marine x9  
  145  14:01  Marine  
  156  14:08  Siege Tank x2  
  133  14:24  Marine x2  
  133  14:25  Marine x10  
  133  14:26  Marine  
  117  14:34  Marine  
  117  14:35  Marine  
  119  14:42  Marine x3  
  119  14:43  Marine x3  
  125  14:50  Marine  
  125  14:51  Marine x6  
  125  14:52  Marine  
  133  14:53  Marine  
  133  14:56  Medivac  
  136  15:08  Command Center  
  136  15:10  Orbital Command  
  136  15:20  Marine x2  
  136  15:21  Marine x4  
  115  15:26  Siege Tank  
  116  15:31  Marine x2  
  118  15:38  Siege Tank  
  121  15:53  Marine x3  
  121  15:54  Marine x4  
  128  15:58  Siege Tank  
  131  16:10  Siege Tank  
  133  16:16  Marine x12  
  133  16:17  Marine  
  137  16:18  Medivac  
  137  16:24  Marine x2  
  141  16:33  Marine  
  141  16:34  Marine x4  
  141  16:35  Marine x2  
  141  16:36  Siege Tank  
  146  16:40  Medivac  
Tags
 
Add a new tag
Caveats
  • Supply blocks, unpowered buildings, or Contaminate may cause inaccurate times.
  • Supply counts are checked every 10 seconds.